 Dungeon Crawl Stone Soup version bcrawl-1.28.1b (webtiles) character file.

Game seed: 17283944187154278111

233181 Morbidden the Ducker (level 6, -5/36 HPs)
             Began as a Vine Stalker Archaeologist on Dec 15, 2020.
             Slain by Grinder (6 damage)
             ... in a sewer.
             The game lasted 00:06:43 (2513 turns).

Morbidden the Ducker (Vine Stalker Archaeologist)   Turns: 2513, Time: 00:06:43

Health: -5/36      AC:  8    Str: 14    XL:     6   Next: 92%
Magic:  7/7        EV: 15    Int: 19    God:
Gold:   199        SH:  0    Dex: 12    Spells: 5/5 levels left

rFire    + . .     SeeInvis .   y - +1 whip (elec)
rCold    + . .     Gourm    .   (no shield)
rNeg     . . .     Faith    .   b - +1 robe
rPois    .         Spirit   .   i - +1 helmet {Int+3}
rElec    .         Reflect  .   p - +0 cloak
rCorr    .         Harm     .   (no gloves)
MR       .....                  d - +1 pair of boots
Stlth    +++.......             (no amulet)
HPRegen  0.52/turn              u - ring of Vaschamme {+Fly rF+}
MPRegen  0.10/turn              v - ring of protection from cold

@: no status effects
A: fangs 3, regeneration 1, no potion heal 3, rot immunity, strong jaws
a: Evoke Flight


You were in a sewer.
You were near starving.

You visited 1 branch of the dungeon, and saw 3 of its levels.
You also visited: Sewer.

You collected 199 gold pieces.

Inventory:

Hand Weapons
 f - a +2 triple crossbow of flaming
 h - a cursed +1 long sword
 y - a +1 whip of electrocution (weapon)
Armour
 b - a +1 robe (worn)
 d - a +1 pair of boots (worn)
 i - a +1 helmet of intelligence (worn)
 p - a +0 cloak (worn)
Jewellery
 u - the ring of Vaschamme (left hand) {+Fly rF+}
   (You found it on level 2 of the Dungeon)

   [ring of flight]

   It protects you from fire.
   It lets you fly.
 v - a ring of protection from cold (right hand)
 x - an uncursed ring of protection from fire {unknown}
Scrolls
 j - a scroll of remove curse {unknown}
 k - a scroll of teleportation {unknown}
 t - a scroll of blinking {unknown}
 w - a scroll of enchant weapon {unknown}
Potions
 a - a potion of flight {unknown}
 g - 2 potions of curing
 l - 3 potions of agility {unknown}
 m - a potion of invisibility {unknown}
 n - a potion of lignification {unknown}
 o - a potion of heal wounds {unknown}
 q - 2 potions of might {unknown}
 r - a potion of haste {unknown}
 s - 2 potions of mutation {unknown}
Comestibles
 e - 8 rations {!d}


   Skills:
 * Level 2.3 Fighting
 + Level 3.2 Maces & Flails
 * Level 1.3 Crossbows
 * Level 5.7 Dodging
 + Level 5.6 Stealth


You had 5 spell levels left.
You didn't know any spells.
Your spell library was empty.

Dungeon Overview and Level Annotations

Branches:
Dungeon (3/12)

Altars:

Annotations:
D:3 Ijyb, Robin Sewer Grinder


Innate Abilities, Weirdness & Mutations

You have razor-sharp teeth.
Your natural rate of healing is unusually fast.
Potions cannot restore your health.
You are immune to rotting.
Your bites deal extra damage.


Message History

Grinder hits you!
* * * LOW HITPOINT WARNING * * *
You writhe in agony.
* * * LOW HITPOINT WARNING * * *
You hit Grinder.
Grinder is moderately wounded.
You hit Grinder but do no damage. Your bite misses Grinder.
Grinder is moderately wounded.
Grinder blinks!
Unknown command.
Unknown command.
Okay, then.
Okay, then.
Grinder gestures at you. You resist with some effort.
Found a gate leading back out of this place.
Grinder hits you!
* * * LOW HITPOINT WARNING * * *
You writhe in agony.
You die...

))....#...#......#
≈≈≈≈≈.....)..≈≈≈≈≈
≈≈≈≈≈≈#...#≈≈≈≈≈≈#
########)#########
#######)..##########
≈≈≈≈#...⌠...#≈≈≈≈≈≈##
....'.......'......[###
....'.⌠._.⌠.'..5...}!∩#
.[..'.......'...@..!#
≈≈≈≈#..⌠.⌠..#≈≈≈≈≈≈##
######.....#########
##'')## #≈...≈# #≈...≈#
#≈...≈# #≈...≈# #≈)))≈#


You could see Grinder.

Vanquished Creatures
  A necrophage (Sewer)
  A big kobold (Sewer)
  A wight (Sewer)
  4 big kobold zombies (Sewer)
  2 adders (D:3)
  A shadow imp (Sewer)
  3 ufetubi (Sewer)
  An adder zombie (Sewer)
  2 oozes
  A worm (D:2)
  4 dart slugs
  5 leopard geckos
  2 ball pythons
  8 bats
  9 giant cockroaches
  5 goblins
  11 hobgoblins
  2 jackals
  2 quokkas
  3 frilled lizards (D:1)
  18 kobolds
  2 kobold zombies (Sewer)
  3 rats
91 creatures vanquished.

Notes
Turn   | Place    | Note
-------+----------+-------------------------------------------
     0 | D:1      | Morbidden the Vine Stalker Archaeologist began the quest
                  | for the Orb.
     0 | D:1      | Reached XP level 1. HP: 11/11 MP: 2/2
    42 | D:1      | Reached skill level 1 in Maces & Flails
    58 | D:1      | Reached XP level 2. HP: 13/16 MP: 3/3
   223 | D:1      | Reached skill level 1 in Fighting
   310 | D:1      | Reached skill level 5 in Stealth
   406 | D:1      | Reached XP level 3. HP: 20/20 MP: 4/4
  1276 | D:2      | Reached XP level 4. HP: 25/25 MP: 5/5
  1294 | D:2      | Got a scintillating ivory ring
  1513 | D:2      | Identified the ring of Vaschamme {+Fly rF+} (You found it
                  | on level 2 of the Dungeon)
  1778 | D:3      | Noticed Robin
  1902 | D:3      | Found a glowing drain.
  1950 | D:3      | Noticed Ijyb
  1955 | Sewer    | Entered a sewer
  1990 | Sewer    | Reached XP level 5. HP: 24/29 MP: 6/6
  1990 | Sewer    | Identified a scroll of acquirement
  2002 | Sewer    | Identified the -6 pair of boots "Kuevuc" {rElec rPois MR+
                  | Regen+} (You acquired it in a sewer)
  2002 | Sewer    | Identified the ring "Repoxti" {*Contam Int+3 Dex+6 SInv}
                  | (You acquired it in a sewer)
  2059 | Sewer    | HP: 1/29 [kobold/+0 falchion (4)]
  2189 | Sewer    | Found an ancient bone altar of Kikubaaqudgha.
  2215 | Sewer    | Reached skill level 5 in Dodging
  2249 | Sewer    | Noticed a necrophage
  2317 | Sewer    | Killed a necrophage
  2318 | Sewer    | Reached skill level 1 in Crossbows
  2318 | Sewer    | Gained mutation: You have razor-sharp teeth. [Vine Stalker
                  | growth]
  2318 | Sewer    | Reached XP level 6. HP: 15/35 MP: 7/7
  2453 | Sewer    | Noticed Grinder
  2493 | Sewer    | Paralysed by Grinder for 4 turns
  2513 | Sewer    | HP: 1/36 [Grinder (7)]
  2513 | Sewer    | Slain by Grinder

Skill      XL: |  1  2  3  4  5  6 |
---------------+-------------------+-----
Maces & Flails | 1 2 3 |  3.2
Fighting       | 1 2 |  2.3
Stealth        | 5 |  5.6
Dodging        | 4 5 |  5.7
Crossbows      | 1 |  1.3

Action                   |  1- 3 |  4- 6 || total
-------------------------+-------+-------++-------
Melee: Whip              |   173 |   321 ||   494
       Bite              |    12 |    25 ||    37
  Use: Scroll            |       |     4 ||     4
 Stab: Sleeping          |     8 |    10 ||    18
  Eat: Chunk             |     6 |     6 ||    12
       Ration            |       |     1 ||     1
Armor: Robe              |    43 |   106 ||   149
Dodge: Dodged            |   114 |   295 ||   409
